 Dungeon Crawl Stone Soup version 0.19-a0-36-g4a0968a (webtiles) character file.

64 jyri the Ruffian (level 4, -2/38 HPs)
             Began as a Ghoul Monk on May 3, 2016.
             Slain by a hobgoblin (6 damage)
             ... led by Robin
             ... on level 3 of the Dungeon.
             The game lasted 00:05:30 (1411 turns).

jyri the Ruffian (Ghoul Monk)                       Turns: 1411, Time: 00:05:32

Health: -2/38      AC:  3    Str: 15    XL:     4   Next: 12%
Magic:  3/3        EV: 12    Int:  5    God:
Gold:   82         SH:  0    Dex: 11    Spells: 0 memorised, 3 levels left

rFire  . . .     SeeInvis .       - Unarmed
rCold  + . .     Gourm    .     m - +0 leather armour
rNeg   + + +     Faith    .     (no shield)
rPois  ∞         Spirit   .     (no helmet)
rElec  .         Dismiss  .     (no cloak)
rCorr  .         Reflect  .     (no gloves)
SustAt .         Harm     .     (no boots)
MR     .....                    (no amulet)
Stlth  ++........               (no ring)
                                (no ring)

@: rotting, not resistant to hostile enchantments, unstealthy
A: rotting body, claws 1, carnivore 3, cold resistance 1, negative energy
resistance 3, slow regeneration 1, torment resistance, unbreathing
a: no special abilities


You were on level 3 of the Dungeon.
You were not hungry.

You visited 1 branch of the dungeon, and saw 3 of its levels.

You collected 82 gold pieces.

Inventory:

Missiles
 a - 55 arrows
 d - 39 stones (quivered)
 f - 36 poisoned needles
 g - 11 sling bullets
 k - 11 bolts
Armour
 j - a +0 large shield
 m - a +0 leather armour (worn)
Scrolls
 h - 2 scrolls of identify {unknown}
 i - 3 scrolls of remove curse {unknown}
 l - 3 scrolls of enchant weapon {unknown}
 n - a scroll of immolation {unknown}
Potions
 c - a potion of curing {unknown}
 e - a potion of lignification {unknown}
 p - a potion of degeneration {unknown}
 q - a potion of ambrosia {unknown}
Comestibles
 b - 2 meat rations


   Skills:
 - Level 3.2 Fighting
 - Level 2.6 Dodging
 - Level 2.1 Stealth
 + Level 6.1 Unarmed Combat


You had 3 spell levels left.
You didn't know any spells.

Dungeon Overview and Level Annotations

Branches:
Dungeon (3/15)

Altars:

Annotations:
D:2 Sigmund


Innate Abilities, Weirdness & Mutations

Your body is rotting away.
You thrive on raw meat.
You are immune to poison.
You have sharp fingernails.
You are carnivorous and can eat meat at any time.
Your flesh is cold resistant.
You are immune to negative energy.
You regenerate slowly when monsters are visible.
You are immune to unholy pain and torment.
You can survive without breathing.


Message History

Robin says, "We wiped out the hill dwarves - you're next!"
Robin closely misses you.
You barely miss Robin.
Robin is heavily wounded.
You scratch Robin.
Robin is severely wounded.
Robin closely misses you.
You scratch Robin. Your claw misses Robin.
Robin is almost dead.
Robin hits you but does no damage.
You scratch Robin.
You kill Robin!
Your Unarmed Combat skill increases to level 6!
You have reached level 4!
Eat a chunk of flesh? (ye/n/q/i?) This raw flesh tastes great!
The hobgoblin hits you!
* * * LOW HITPOINT WARNING * * *
You continue eating.
The hobgoblin hits you.
You die...

##########
##########..)......
####......@gg.########
#.......####### #.#.......#
#........######
##............##########
#........####.##........
#.#.......####........#####
#.........##...[...........
#...##.#####.##............


You could see a hobgoblin and a goblin.

Vanquished Creatures
  Robin (D:3)
  A worm (D:3)
  A giant gecko (D:1)
  5 bats
  2 giant cockroaches
  11 goblins
  10 hobgoblins
  4 kobolds
  A giant newt (D:1)
  7 rats
43 creatures vanquished.

Notes
Turn   | Place    | Note
--------------------------------------------------------------
     0 | D:1      | jyri the Ghoul Monk began the quest for the Orb.
     0 | D:1      | Reached XP level 1. HP: 19/19 MP: 0/0
   180 | D:1      | Reached XP level 2. HP: 26/26 MP: 1/1
   269 | D:1      | Reached skill level 5 in Unarmed Combat
   510 | D:1      | Reached XP level 3. HP: 29/31 MP: 2/2
   807 | D:2      | Noticed Sigmund
  1385 | D:3      | Noticed Robin
  1409 | D:3      | Killed Robin
  1409 | D:3      | Reached skill level 6 in Unarmed Combat
  1409 | D:3      | Reached XP level 4. HP: 5/38 MP: 3/3
  1411 | D:3      | Slain by a hobgoblin

Vault maps used:
D:1:      dpeg_arrival_tiny_b, hangedman_glass_teeth, st_stairs_2
D:2:      uniq_sigmund
D:3:      elyvilon_altar_3, uniq_jessica, uniq_robin

Skill      XL: |  1  2  3 |
---------------+----------+-----
Unarmed Combat | 5 6 |  6.1
Fighting       | |  3.2
Dodging        | |  2.6
Stealth        | |  2.1

Action                   |  1- 3 |  4- 6 || total
-------------------------+-------+-------++-------
Melee: Unarmed           |   130 |       ||   130
       Punch             |     2 |       ||     2
 Stab: Sleeping          |     1 |       ||     1
  Eat: Chunk             |    17 |     1 ||    18
Armor: Robe              |    12 |       ||    12
       Leather armour    |    11 |       ||    11
Dodge: Dodged            |    77 |       ||    77
